 Dungeon Sprint DCSS version 0.31-a0-920-g28cbb04a8c (webtiles) character file.

Game seed: 16014044974898193952

118 sircluck the Ruffian (level 4, -2/50 HPs)
             Began as a Troll Berserker on Oct 17, 2023.
             Was a Believer of Trog.
             Slain by Crazy Yiuf
             ... wielding a +2 quarterstaff of chaos
              (9 damage)
             ... in the Dungeon (Sprint VII: "The Pits").
             The game lasted 00:00:22 (99 turns).

sircluck the Ruffian (Troll Berserker)                Turns: 99, Time: 00:00:23

Health: -2/50      AC:  4    Str: 27    XL:     4   Next: 72%
Magic:  3/3        EV: 11    Int:  3    God:    Trog [**....]
Gold:   0          SH:  0    Dex:  9    Spells: 3/3 levels left

rFire   . .          .
                       - Unarmed
rCold   . . .        (no shield)
rNeg    . . .        a - +0 animal skin
rPois   .            (helmet restricted)
rElec   .            (no cloak)
rCorr   .            (gloves unavailable)
SInv    .            (boots unavailable)
Will    .....        (no amulet)
Stlth   +            (no ring)
HPRegen 1.08/turn    (no ring)
MPRegen 0.08/turn

%: no teleportation
@: confused
A: large, unfitting armour, claws 3, regeneration 1, shaggy fur 1, tough skin 1
a: Renounce Religion, Berserk, Trog's Hand


You were in the Dungeon.
You worshipped Trog.
Trog was pleased with you.
You visited 1 branch

Inventory:

Armour
 a - a +0 animal skin (worn)
Scrolls
 g - a scroll of blinking
 i - 2 scrolls of vulnerability
 j - a scroll of butterflies
Potions
 b - a potion of curing
 c - a potion of heal wounds
 d - a potion of haste
 e - 4 potions of magic
 f - 3 potions of berserk rage
 h - 2 potions of invisibility


   Skills:
 + Level 5.1 Fighting
 + Level 5.1 Dodging
 + Level 6.1 Unarmed Combat


You had 3 spell levels left.
You didn't know any spells.
Your spell library was empty.

Dungeon Overview and Level Annotations

Branches:
Dungeon (1/1)

Altars:
Ashenzari
Cheibriados
Dithmenos
Elyvilon
Fedhas
Gozag
Hepliaklqana
Kikubaaqudgha
Makhleb
Nemelex Xobeh
Okawaru
Qazlal
Ru
Sif Muna
Trog
Uskayaw
Vehumet
Wu Jian
Xom
Yredelemnul
Zin
The Shining One
Jiyva
Lugonu

Annotations:
D Crazy Yiuf


Innate Abilities, Weirdness & Mutations

You are too large for most types of armour.
You have claws for hands.
Your natural rate of healing is unusually fast.
You are covered in fur. (AC +1)
You have tough skin. (AC +1)


Message History

You see here a hobgoblin corpse.
You open the door.
A quokka and a rat come into view.
There is an open door here.
Crazy Yiuf and a goblin come into view.
Crazy Yiuf is wielding a +2 quarterstaff of chaos and wearing a +0 cloak of willpower.
The goblin closely misses you. The quokka closely misses you.
You barely miss the goblin.
Crazy Yiuf shouts!
The goblin hits you but does no damage. The quokka bites you.
You claw Crazy Yiuf!
Crazy Yiuf is severely wounded.
The rat bites you but does no damage.
Crazy Yiuf hits you with a +2 quarterstaff of chaos!
You are confused.
The goblin hits you but does no damage.
The quokka bites you but does no damage.
Unknown command.
You barely miss the goblin. The quokka closely misses you.
The goblin barely misses you.
Crazy Yiuf whimpers, "Powder blue bag!"
Crazy Yiuf hits you with a +2 quarterstaff of chaos!
The rat barely misses you.
You closely miss Crazy Yiuf.
Crazy Yiuf is severely wounded.
The quokka closely misses you. Crazy Yiuf barely misses you.
The goblin hits you with a +0 club. The rat bites you. The quokka bites you.
The rat bites you but does no damage. The goblin hits you with a +0 club.
Crazy Yiuf hits you with a +2 quarterstaff of chaos!
* * * LOW HITPOINT WARNING * * *
Crazy Yiuf freezes you.
* * * LOW HITPOINT WARNING * * *
Unknown command.
Unknown command.
You're too confused to move!
The quokka bites you.
* * * LOW HITPOINT WARNING * * *
The goblin barely misses you.
Crazy Yiuf hits you with a +2 quarterstaff of chaos!
You die...

##########.##...........
#...........'...........
+#####'#####......#..#.
#..#†.# #...........
#..†..# ####'#####++
#..#### #.......#
#.†#..# #.......#
#..#gg# #.......#
##'#.@#+###...<...#
#...rr...##.......#
#........##.......#
###########.......#
#########


You could see Crazy Yiuf, a quokka, a goblin and a rat.

Vanquished Creatures
  2 scorpions (D)
  A giant cockroach (D)
  A hobgoblin (D)
  A giant cockroach zombie (D)
  A rat (D)
6 creatures vanquished.

Notes
Turn   | Place    | Note
-------+----------+-------------------------------------------
     0 | D        | sircluck the Troll Berserker began the quest for the Orb.
     0 | D        | Reached XP level 1. HP: 22/22 MP: 0/0
    17 | D        | Noticed a scorpion
    24 | D        | Killed a scorpion
    25 | D        | Reached skill level 5 in Unarmed Combat
    25 | D        | Reached XP level 2. HP: 29/32 MP: 1/1
    25 | D        | Reached XP level 3. HP: 36/39 MP: 2/2
    29 | D        | Found a bloodstained altar of Trog.
    29 | D        | Found a shimmering blue altar of Sif Muna.
    29 | D        | Found a viscous altar of Jiyva.
    29 | D        | Found a hazy altar of Hepliaklqana.
    29 | D        | Found an opulent altar of Gozag.
    30 | D        | Found a glowing golden altar of the Shining One.
    30 | D        | Found a glowing silver altar of Zin.
    30 | D        | Found a basalt altar of Yredelemnul.
    30 | D        | Found a shimmering altar of Xom.
    30 | D        | Found an ornate altar of the Wu Jian Council.
    30 | D        | Found a sacrificial altar of Ru.
    30 | D        | Found a stormy altar of Qazlal.
    30 | D        | Found an iron altar of Okawaru.
    30 | D        | Found a sparkling altar of Nemelex Xobeh.
    30 | D        | Found a burning altar of Makhleb.
    30 | D        | Found a blossoming altar of Fedhas.
    30 | D        | Found a white marble altar of Elyvilon.
    30 | D        | Found a shadowy altar of Dithmenos.
    30 | D        | Found a snail-covered altar of Cheibriados.
    32 | D        | Found a radiant altar of Vehumet.
    32 | D        | Found a corrupted altar of Lugonu.
    33 | D        | Found a hide-covered altar of Uskayaw.
    33 | D        | Found an ancient bone altar of Kikubaaqudgha.
    33 | D        | Found a broken altar of Ashenzari.
    75 | D        | Reached ** piety under Trog
    78 | D        | Noticed a scorpion
    84 | D        | Killed a scorpion
    85 | D        | Reached skill level 5 in Fighting
    85 | D        | Reached skill level 5 in Dodging
    85 | D        | Reached skill level 6 in Unarmed Combat
    85 | D        | Reached XP level 4. HP: 50/50 MP: 3/3
    92 | D        | Noticed Crazy Yiuf
    99 | D        | Slain by Crazy Yiuf

Illustrated notes

Levels and vault maps discovered:
D:        pitsprint [storerooms_1, entrance_room_1, metal_vault_3, armoury_1,
          mini_pit_1, grid_room_1, main_hall_1, silver_pit, the_coven_1,
          the_vestibule_1, steel_vault_3, golden_pit, hallway_of_sentries,
          crystal_vault_2, iron_vault_4, final_vault]

Skill      XL: |  1  2  3 |
---------------+----------+-----
Fighting       | 4 5 |  5.1
Dodging        | 4 5 |  5.1
Unarmed Combat | 5 6 |  6.1

Action                     |  1- 3 |  4- 6 || total
---------------------------+-------+-------++-------
  Melee: Unarmed           |    14 |     5 ||    19
 Armour: Animal skin       |     9 |    16 ||    25
  Dodge: Dodged            |     6 |     8 ||    14

Table legend: (Time is in decaauts)
 A = Elapsed time spent in this place.
 B = Non-inter-level travel time spent in this place.
 C = Inter-level travel time spent in this place.
 D = Time resting spent in this place.
 E = Time spent auto-exploring this place.
 F = Levels seen in this place.
 G = Mean time per level.
                   A        B        C        D        E       F      G
               +--------+--------+--------+--------+--------+-----+--------+
         Total |     97 |     97 |      0 |      0 |     31 |   1 |   97.0 |
       Dungeon |     97 |     97 |      0 |      0 |     31 |   1 |   97.0 |
               +--------+--------+--------+--------+--------+-----+--------+

Top non-repeatable levels by time:
       D: 97 daAuts
